 Dungeon Crawl Stone Soup version 0.17-a0-1738-g82cdc46 (webtiles) character file.

68 kae the Insei (level 4, 30/35 HPs)
             Began as a Demonspawn Monk on Aug 30, 2015.
             Quit the game on level 2 of the Dungeon.
             The game lasted 00:01:01 (1581 turns).

kae the Insei (Demonspawn Monk)                     Turns: 1581, Time: 00:01:01

Health: 30/35      AC:  2    Str: 12    XL:     4   Next: 1%
Magic:  4/4        EV: 13    Int: 11    God:
Gold:   67         SH:  0    Dex: 16    Spells: 0 memorised, 3 levels left

rFire  + . .     SeeInvis .       - Unarmed
rCold  . . .     Clarity  .     a - +0 robe
rNeg   . . .     SustAt   .     (no shield)
rPois  .         Gourm    .     (helmet restricted)
rElec  .         Spirit   +     (no cloak)
rCorr  .         Warding  .     (no gloves)
rMut   .         Stasis   .     (no boots)
MR     .....                    (no amulet)
Stlth  ++........               (no ring)
                                e - ring of protection from fire

@: not resistant to hostile enchantments, unstealthy
A: antennae 1, magic shield
a: no special abilities


You were on level 2 of the Dungeon.
You were not hungry.

You visited 1 branch of the dungeon, and saw 2 of its levels.

You collected 67 gold pieces.

Inventory:

Armour
 a - a +0 robe (worn)
Jewellery
 e - a ring of protection from fire (left hand)
Scrolls
 d - 2 scrolls of random uselessness {unknown}
 f - a scroll of enchant armour {unknown}
 h - 4 scrolls of identify {unknown}
Potions
 c - a potion of might {unknown}
Comestibles
 b - 4 bread rations
 g - 2 meat rations


   Skills:
 - Level 3.0 Fighting
 - Level 2.6 Dodging
 - Level 1.7 Stealth
 + Level 5.1 Unarmed Combat


You had 3 spell levels left.
You didn't know any spells.

Dungeon Overview and Level Annotations

Branches:
Dungeon (2/15)

Altars:
Dithmenos
Kikubaaqudgha
Trog
Yredelemnul


Innate Abilities, Weirdness & Mutations

You have a pair of small antennae on your head.
When hurt, damage is shared between your health and your magic reserves.


Message History

The adder is lightly wounded.
The adder bites you but does no damage.
You hit the adder but do no damage.
The adder is lightly wounded.
The adder bites you but does no damage.
An adder is nearby!
You punch the adder!
The adder is almost dead.
The adder bites you. x2
You closely miss the adder.
The adder is almost dead.
The adder bites you but does no damage.
You hit the adder.
You kill the adder!
You have reached level 4!
You feel stronger.
Your demonic ancestry asserts itself...
A pair of antennae grows on your head!
You start resting.
Magic restored.
Are you sure you want to abandon this character and quit the game? (Confirm with "yes".)

#.#.# ###.......# #.#.#
#.⌠...⌠.# ###.#.#### #.......#
#......>.# ####+#### ###.#.##.#
#"#.# # ..# ###.#)## #.#
#......#.# #.# #.#..@...# #.#
#........# #.# #. #........#
#.# #.# ##.......## #.# #.#
##........# ####.## #.# ###
#....#.#.# #...#.. #.# #.#
##....#.#.# #.##.## #.# #.#
#.......#.# #.##.#
#.###.#####._..._.#.#####.##.##


There were no monsters in sight!

Vanquished Creatures
  2 adders (D:2)
  A gnoll (D:1)
  A worm (D:2)
  5 bats
  6 goblins
  6 hobgoblins
  5 kobolds
  A ball python (D:1)
  2 giant geckos (D:1)
  5 giant newts (D:1)
  6 rats
40 creatures vanquished.

Notes
Turn   | Place    | Note
--------------------------------------------------------------
     0 | D:1      | kae the Demonspawn Monk began the quest for the Orb.
     0 | D:1      | Reached XP level 1. HP: 18/18 MP: 1/1
   176 | D:1      | Reached skill level 4 in Unarmed Combat
   207 | D:1      | Gained mutation: When hurt, damage is shared between your health and your magic reserves. [demonic ancestry]
   207 | D:1      | Reached XP level 2. HP: 24/24 MP: 2/2
   649 | D:1      | Reached XP level 3. HP: 19/29 MP: 1/3
  1078 | D:2      | Found a bloodstained altar of Trog.
  1080 | D:2      | Found an ancient bone altar of Kikubaaqudgha.
  1084 | D:2      | Found a basalt altar of Yredelemnul.
  1084 | D:2      | Found a shadowy altar of Dithmenos.
  1405 | D:2      | Reached skill level 5 in Unarmed Combat
  1560 | D:2      | Gained mutation: You have a pair of small antennae on your head. [demonic ancestry]
  1560 | D:2      | Reached XP level 4. HP: 28/35 MP: 2/4
  1581 | D:2      | Quit the game

Vault maps used:
D:1:      zaba_arrival_water, grunt_decor_arrowhead
D:2:      wad_crossroads, grunt_temple_overflow_open, minmay_fountain_box

Action                   |  1- 3 |  4- 6 || total
-------------------------+-------+-------++-------
Melee: Unarmed           |   147 |       ||   147
 Stab: Sleeping          |     4 |       ||     4
  Eat: Chunk             |     2 |       ||     2
